[Event "*** Titled Tuesday Blitz"]
[Site "Chess.com"]
[Date "2021.04.06"]
[Round "1"]
[White "BvsN"]
[Black "Jospem"]
[Result "0-1"]
[WhiteElo "2459"]
[BlackElo "2908"]
[TimeControl "180+1"]
[EndTime "10:06:03 PDT"]
[Termination "Jospem won by resignation"]

1. c4 c5 2. Nf3 Nc6 3. e3 g6 4.
d4 d6 5. d5 Nb8 6. Nc3 Bg7 7.
e4 Nf6 8. Be2 O-O 9. O-O e5 10.
Rb1 Na6 11. a3 Ne8 12. Ne1 f5 13. Nd3 Nf6 14. f3 f4 15. b4 b6 16. Bd2 g5 17.
Nb5 h5 18. Nf2 Rf7 19. h3 Bh6 20. Kh1 Kh7 21. a4 Nxb4 22. Bxb4 cxb4 23. Rxb4 Rg7 24. a5 bxa5 25. Rb1 a6 26. Nc3 g4 27. fxg4 hxg4 28.
Nxg4 Nxg4 29. Bxg4 Bxg4 30. hxg4 Qh4+ 31. Kg1 Rag8 32. Rf3 Rxg4 33. Rb2 R8g5 34. Rb7+ Bg7 35. Qf1 Rh5 36. Re7 Qxe7 0-1

[Event "*** Titled Tuesday Blitz"]
[Site "Chess.com"]
[Date "2021.04.06"]
[Round "1"]
[White "ri4mi"]
[Black "ShapkinAnatoliy"]
[Result "0-1"]
[WhiteElo "2358"]
[BlackElo "2663"]
[TimeControl "180+1"]
[EndTime "10:06:03 PDT"]
[Termination "ShapkinAnatoliy won on time"]

1. e4 e5 2. Nf3 Nc6 3. Bc4 Bc5 4. b4 Bb6 5. a4 a6 6. c3 Nf6 7. d3 d6 8. O-O O-O 9. Bg5 h6 10. Bh4 g5 11. Nxg5 hxg5 12. Bxg5 Kg7 13. Qf3 Rh8 14. Na3 Kg6 15. Be3 Be6 16. Qg3+ Kh7 17. Bg5 Kg7 18. Bxe6 fxe6 19. Nc4 Ba7 20. Ne3 Qf8 21. f4 Nh5 22. Bh6+ Kh7 23. Bxf8 Nxg3 0-1

[Event "*** Titled Tuesday Blitz"]
[Site "Chess.com"]
[Date "2021.04.06"]
[Round "1"]
[White "TigrVShlyape"]
[Black "Kale36"]
[Result "1-0"]
[WhiteElo "2801"]
[BlackElo "2424"]
[TimeControl "180+1"]
[EndTime "10:06:04 PDT"]
[Termination "TigrVShlyape won by resignation"]

1. d4 Nc6 2. Nf3 d6 3. e4 Bg4 4.
c3 Nf6 5. h3 Bh5 6. Bd3 e5 7.
d5 Ne7 8. c4 Bxf3 9. Qxf3 Ng6 10. g3 Be7 11. Nc3 O-O 12. O-O a5 13. b3 Nd7 14. h4 Nc5 15. Bc2 Bf6 16. Rb1 Ne7 17.
a3 Kh8 18. Bd2 Ng8 19. b4 axb4 20. axb4 Nd7 21. Ra1 Rxa1 22. Rxa1 g6 23. Be3 Bg7 24. c5 Bh6 25. c6 bxc6 26. dxc6 Qf6 27. Qxf6+ Ndxf6 28. Bxh6 Nxh6 29. Ra7 Ne8 30. Nd5 f5 31. Nxc7 Nxc7 32. Rxc7 fxe4 33. Bxe4 Ng4 34. f3 Nf6 35. Rb7 d5 36. Bd3 e4 37. fxe4 dxe4 38. Be2 Nd5 39. c7 Rc8 40. Rb8 1-0

[Event "*** Titled Tuesday Blitz"]
[Site "Chess.com"]
[Date "2021.04.06"]
[Round "1"]
[White "GregShahade"]
[Black "Sjakkerntobi"]
[Result "1-0"]
[WhiteElo "2717"]
[BlackElo "2394"]
[TimeControl "180+1"]
[EndTime "10:06:04 PDT"]
[Termination "GregShahade won by checkmate"]

1. e4 e6 2. d4 d5 3. Nd2 h6 4.
g3 dxe4 5. Nxe4 Nd7 6. Bg2 Ngf6 7.
Nxf6+ Nxf6 8. Nf3 Be7 9. O-O O-O 10. Re1 c5 11. Bf4 Nd5 12. Bd2 cxd4 13. Nxd4 Bf6 14. c3 Qb6 15. Nb3 Bd7 16. c4 Ne7 17. Ba5 Qa6 18. Qxd7 Nc6 19. Bxc6 bxc6 20. Qd3 Bxb2 21. Rad1 Bf6 22. c5 Qb7 23. h4 Rfe8 24. Qc4 e5 25. Rd2 Qc8 26. Qe4 Qh3 27. Qxc6 e4 28.
Rxe4 Be5 29. Rxe5 Rxe5 30. Qxa8+ Kh7 31. Rd1 g5 32. Qf3 Kg6 33. Rd6+ Kg7 34. Qf6+ Kf8 35. Qh8+ Ke7 36. Qd8# 1-0

[Event "*** Titled Tuesday Blitz"]
[Site "Chess.com"]
[Date "2021.04.06"]
[Round "1"]
[White "PavelShkapenko"]
[Black "Er_is_geen_hoop_meer"]
[Result "1-0"]
[WhiteElo "2727"]
[BlackElo "2395"]
[TimeControl "180+1"]
[EndTime "10:06:07 PDT"]
[Termination "PavelShkapenko won by resignation"]

1. e4 c5 2. c3 Nf6 3. e5 Nd5 4. d4 cxd4 5. cxd4 d6 6. Nf3 e6 7.
Nc3 Nxc3 8. bxc3 Qc7 9. Bd2 Nd7 10. Ng5 h6 11. Qh5 g6 12. Nxe6 Qc6 13. d5 gxh5 14.
dxc6 fxe6 15. cxd7+ Bxd7 16. Be2 h4 17. Bh5+ Kd8 18.
exd6 Bxd6 19. O-O Kc7 20. Rfe1 Rag8 21. Bf3 h5 22. h3 Rh7 23. c4 b6 24. Bc3 Rf7 25.
Bxh5 Rf4 26. Be5 Rxc4 27. Bxd6+ Kxd6 28. Rad1+ Ke7 29. Bg4 Rf8 30. Rxd7+ 1-0

[Event "*** Titled Tuesday Blitz"]
[Site "Chess.com"]
[Date "2021.04.06"]
[Round "1"]
[White "ega2006"]
[Black "A-Fier"]
[Result "0-1"]
[WhiteElo "2383"]
[BlackElo "2705"]
[TimeControl "180+1"]
[EndTime "10:06:07 PDT"]
[Termination "A-Fier won by resignation"]

1. e4 c5 2. Nf3 e6 3. Nc3 Nc6 4. d4 cxd4 5. Nxd4 Nf6 6. Nxc6 bxc6 7. Bd3 d5 8. O-O Be7 9. Qf3 O-O 10. Re1 a5 11.
Bf4 Ba6 12. Rad1 Bxd3 13. cxd3 Qb6 14. Re2 Rad8 15. Rde1 Nd7 16. exd5 cxd5 17. Nxd5 exd5 18. Rxe7 Qb5 19. Bc7 Rc8 20. Bd6 Qc6 21. Ba3 Nf6 22. h3 h6 23. Qf5 Rfe8 24. Qf4 Rxe7 25. Rxe7 Re8 26. Rxe8+ Qxe8 27. Qe3 Qc6 28. Qc5 Qe6 29. Qxa5 Qe2 30. Qc3 Qd1+ 31. Kh2 Qe2 32. Bc5 Nd7 33. Bd4 Nf8 34. Bxg7 Ne6 35. Be5 Qxf2 36. Bg3 Qe2 37.
Qc8+ Kg7 38. Qc3+ d4 39. Qc4 Qxb2 40. a4 Qa1 41. Qb5 Qa2 42. a5 Ng5 43. Qf5 f6 44. h4 Nf7 45. Qd5 Qxd5 0-1

[Event "*** Titled Tuesday Blitz"]
[Site "Chess.com"]
[Date "2021.04.06"]
[Round "1"]
[White "elohunter1999"]
[Black "marszach123"]
[Result "1-0"]
[WhiteElo "2522"]
[BlackElo "2147"]
[TimeControl "180+1"]
[EndTime "10:06:07 PDT"]
[Termination "elohunter1999 won by resignation"]

1. d4 Nf6 2. c4 g6 3. f3 Bg7 4. e4 d6 5. Nc3 O-O 6. Be3 c5 7. Nge2 cxd4 8. Nxd4 Nc6 9. Be2 Bd7 10. Qd2 Rc8 11. h4 a6 12. h5 Nxd4 13. Bxd4 Be6 14.
b3 Qa5 15. Kf2 Nxh5 16. Bxg7 Kxg7 17. g4 Qc5+ 18. Kg2 Nf6 19. Qh6+ Kg8 20. Rad1 Rfd8 21. Nd5 Bxd5 22. Rxd5 Qa3 23. Rd2 Qb4 24. Rd3 Qa3 25.
g5 Nh5 26. f4 Qb2 27. Kf1 Ng3+ 28. Rxg3 Qh8 29. Rgh3 b5 30. Qxh7+ Qxh7 31. Rxh7 1-0

[Event "*** Titled Tuesday Blitz"]
[Site "Chess.com"]
[Date "2021.04.06"]
[Round "1"]
[White "TheMagicMaik"]
[Black "NicoChasin"]
[Result "0-1"]
[WhiteElo "2405"]
[BlackElo "2740"]
[TimeControl "180+1"]
[EndTime "10:06:11 PDT"]
[Termination "NicoChasin won on time"]

1. e4 c5 2. c3 Nf6 3. e5 Nd5 4. d4 cxd4 5. Nf3 d6 6. exd6 Qxd6 7. cxd4 Nc6 8. Nc3 Bg4 9. Be2 e6 10. O-O Be7 11. h3 Bf5 12. Be3 O-O 13. a3 Rad8 14. Rc1 Bf6 15. Qb3 Rd7 16. Rfd1 Rc8 17. Nb5 Qb8 18. Nc3 a6 19. Na4 Na5 20. Qa2 Bc2 21.
Rxc2 Rxc2 22. Bd3 Rc8 23. Nc5 Rdd8 24. b4 Nc6 25. Be4 Nc3 26. Qc2 Nxd1 27. Qxd1 g6 28.
Qb1 Nxd4 0-1

[Event "*** Titled Tuesday Blitz"]
[Site "Chess.com"]
[Date "2021.04.06"]
[Round "1"]
[White "Oleksandr_Bortnyk"]
[Black "CrushingKings"]
[Result "1-0"]
[WhiteElo "2936"]
[BlackElo "2463"]
[TimeControl "180+1"]
[EndTime "10:06:12 PDT"]
[Termination "Oleksandr_Bortnyk won by resignation"]

1. e4 c5 2. Nf3 e6 3. c3 Nf6 4. e5 Nd5 5. d4 cxd4 6. cxd4 Nc6 7. Bc4 Nb6 8. Bd3 Be7 9. O-O d6 10. Nc3 Nb4 11. Bb1 Bd7 12. Qe2 Bc6 13. Rd1 Rc8 14. Bf4 N4d5 15. Nxd5 Nxd5 16. Bg3 Ba4 17. Re1 O-O 18. Qe4 g6 19. h4 Bc6 20. Qg4 h5 21.
Qh3 dxe5 22. Nxe5 Bf6 23. a3 Re8 24. Ba2 Qb6 25. Nc4 Qxd4 26. Rad1 Nf4 27. Qh2 Ne2+ 28.
Kf1 Nxg3+ 29. Qxg3 Qxh4 30. Qxh4 Bxh4 31. Nd6 Bf6 32. Nxc8 Rxc8 33. Rxe6 Bxb2 34. Rxg6+ Kf8 35. Rg5 h4 36. Rf5 Rc7 37. Rd8+ Kg7 38. Rg5+ Kf6 39. Rh5 Kg6 40. Rxh4 Bb5+ 41. Kg1 Bf6 42. Rg8+ Kf5 43. Rh5+ Ke4 44. Rxb5 1-0

[Event "*** Titled Tuesday Blitz"]
[Site "Chess.com"]
[Date "2021.04.06"]
[Round "1"]
[White "Kaua18"]
[Black "gmcorrales"]
[Result "0-1"]
[WhiteElo "2421"]
[BlackElo "2789"]
[TimeControl "180+1"]
[EndTime "10:06:12 PDT"]
[Termination "gmcorrales won by checkmate"]

1. e4 c5 2. Nf3 d6 3. d4 cxd4 4. Nxd4 Nf6 5. Nc3 a6 6. Be2 e5 7.
Nb3 Be7 8. O-O O-O 9. Bf3 b5 10.
a4 b4 11. Nd5 Nxd5 12. Qxd5 Ra7 13. Bf4 exf4 14. Qd4 Nc6 15. Qd2 Ne5 16. Qxf4 Bg5 17.
Qg3 Bh4 18. Qf4 Qg5 19. Qxg5 Nxf3+ 20. gxf3 Bxg5 21. Rfd1 Rc7 22. Rxd6 Rxc2 23. Rb1 Bf6 24. Nd4 Bxd4 25. Rxd4 b3 26. Rb4 Be6 27. f4 g6 28.
Rb6 Rfc8 29. f5 gxf5 30. exf5 Bxf5 31. Rxb3 Be4 32. h3 h5 33. Rb4 f5 34. Rb6 Rc1+ 35. Rxc1 Rxc1+ 36. Kh2 h4 37. Rg6+ Kf7 38. Rg1 Rc2 39. Rg5 Rxf2+ 40. Kg1 Rxb2 41. Rh5 Kf6 42. Rh6+ Kg5 43. Rxa6 Kf4 44. Rg6 Ke3 45. a5 Rb1+ 46. Kh2 Rh1# 0-1

[Event "*** Titled Tuesday Blitz"]
[Site "Chess.com"]
[Date "2021.04.06"]
[Round "1"]
[White "AlexOstrovskiy"]
[Black "ffbp3q"]
[Result "1-0"]
[WhiteElo "2749"]
[BlackElo "2407"]
[TimeControl "180+1"]
[EndTime "10:06:12 PDT"]
[Termination "AlexOstrovskiy won by resignation"]

1. d4 Nf6 2. Bf4 d5 3. e3 c5 4. c3 Qb6 5. Qb3 c4 6. Qc2 g6 7. Nd2 Bf5 8. Qc1 Nc6 9. h3 Bg7 10.
Ngf3 O-O 11. Be2 Rac8 12. O-O h6 13. Re1 g5 14. Bh2 Bh7 15. Bd1 Rfe8 16. Bc2 Bxc2 17. Qxc2 e6 18. e4 Ne7 19. Ne5 Nc6 20. Nef3 Qd8 21. Re2 dxe4 22. Nxe4 Nxe4 23. Rxe4 Ne7 24.
Rae1 Nd5 25. Ne5 b5 26. h4 a5 27. hxg5 hxg5 28. Qe2 Qf6 29. Nd7 Qh6 30. Qf3 f5 31.
Rxe6 Rxe6 32. Qxd5 Re8 33. Nc5 Kf7 34. Nxe6 Rxe6 35. Qd7+ 1-0

[Event "*** Titled Tuesday Blitz"]
[Site "Chess.com"]
[Date "2021.04.06"]
[Round "1"]
[White "Mbneu"]
[Black "rquery98"]
[Result "0-1"]
[WhiteElo "2353"]
[BlackElo "2661"]
[TimeControl "180+1"]
[EndTime "10:06:13 PDT"]
[Termination "rquery98 won by resignation"]

1. d4 Nf6 2. c4 g6 3. Nc3 d5 4. cxd5 Nxd5 5. g3 Bg7 6. Bg2 Nxc3 7. bxc3 c5 8. e3 Nc6 9. Ne2 O-O 10. O-O Qc7 11. a4 b6 12. Ba3 Bb7 13. dxc5 Rad8 14. Qc2 Ne5 15. cxb6 axb6 16. e4 Ba6 17. Rfd1 Bd3 18.
Qa2 Nc4 19. Nf4 Nxa3 20. Qxa3 Bc4 21. Qb4 e6 22. Rab1 Ba6 23. h4 Bxc3 24. Rdc1 Rd1+ 25. Kh2 Bxb4 0-1

[Event "*** Titled Tuesday Blitz"]
[Site "Chess.com"]
[Date "2021.04.06"]
[Round "1"]
[White "LileKoridze"]
[Black "pfalcon1949"]
[Result "1/2-1/2"]
[WhiteElo "2478"]
[BlackElo "1998"]
[TimeControl "180+1"]
[EndTime "10:06:13 PDT"]
[Termination "Game drawn by repetition"]

1. d4 Nf6 2. c4 e6 3. Nc3 Bb4 4. e3 b6 5. Bd3 Bb7 6. Nf3 O-O 7.
O-O d5 8. cxd5 Nxd5 9. Bd2 Nxc3 10.
bxc3 Be7 11. e4 Nd7 12. Qe2 c5 13. Rad1 Rc8 14. Bb1 Qc7 15. e5 Rfd8 16. Bg5 Nf8 17.
Bxe7 Qxe7 18. Qe3 cxd4 19. cxd4 Bxf3 20. Qxf3 Qb4 21. d5 Rxd5 22. Rxd5 exd5 23. Qxd5 Qb2 24. Qd1 g6 25. Re1 Kg7 26. h3 Ne6 27. Be4 Rd8 28. Qa4 a5 29. Bf3 Rd2 30. Qh4 Qxa2 31. Qf6+ Kg8 32.
Rc1 Rc2 33. Rd1 Rd2 34. Rc1 Rc2 35. Rd1 Rd2 36. Rc1 1/2-1/2

[Event "*** Titled Tuesday Blitz"]
[Site "Chess.com"]
[Date "2021.04.06"]
[Round "1"]
[White "Kapibara_Warri0r"]
[Black "Ginger_GM"]
[Result "0-1"]
[WhiteElo "2237"]
[BlackElo "2556"]
[TimeControl "180+1"]
[EndTime "10:06:15 PDT"]
[Termination "Ginger_GM won by resignation"]

1. e4 c5 2. Nf3 d6 3. d4 cxd4 4. Nxd4 Nf6 5. Nc3 g6 6. Be3 Bg7 7. f3 Nc6 8. Qd2 Bd7 9. g4 Rc8 10. O-O-O O-O 11. h4 Ne5 12. Be2 b5 13. Bh6 Bxh6 14. Qxh6 Rxc3 15. bxc3 Qa5 16. h5 Qxc3 17. hxg6 Qa1+ 18. Kd2 Qxd4+ 19. Ke1 Qc3+ 20. Kf2 fxg6 21. Kg2 Qxc2 22. Rd2 Qc5 23. Rd5 Qc2 24. Rd2 Qc3 25. Rd5 Nf7 26. Qh4 Bc6 27. e5 dxe5 28. Rd3 Qc2 29. Re3 g5 30. Qh2 Qc5 31. Rd3 e4 0-1

[Event "*** Titled Tuesday Blitz"]
[Site "Chess.com"]
[Date "2021.04.06"]
[Round "1"]
[White "Trickov"]
[Black "nrvisakh"]
[Result "0-1"]
[WhiteElo "2417"]
[BlackElo "2777"]
[TimeControl "180+1"]
[EndTime "10:06:16 PDT"]
[Termination "nrvisakh won by resignation"]

1. d4 Nf6 2. Nf3 g6 3. c3 Bg7 4. g3 b6 5. Bg2 Bb7 6. O-O O-O 7. Bg5 c5 8. Nbd2 d6 9. h3 Nbd7 10. Re1 h6 11. Bxf6 Nxf6 12. e4 cxd4 13. Nxd4 e5 14. N4b3 Rc8 15. Qe2 Qc7 16. Rac1 a5 17. Nf1 a4 18. Nbd2 Nd7 19. Ne3 Nc5 20. Nd5 Bxd5 21. exd5 f5 22. b4 axb3 23. axb3 e4 24. Rc2 Nd3 25. Rd1 Nb4 26. Rcc1 Na2 27. c4 Nxc1 28. Rxc1 Qc5 29. g4 Rce8 30. gxf5 e3 31. Ne4 exf2+ 32. Qxf2 Qxf2+ 33. Kxf2 Bd4+ 34. Kg3 gxf5 0-1

[Event "*** Titled Tuesday Blitz"]
[Site "Chess.com"]
[Date "2021.04.06"]
[Round "1"]
[White "BilodeauA"]
[Black "HackingKid98"]
[Result "1-0"]
[WhiteElo "2895"]
[BlackElo "2455"]
[TimeControl "180+1"]
[EndTime "10:06:17 PDT"]
[Termination "BilodeauA won by checkmate"]

1. d4 Nf6 2. Nc3 d5 3. Bf4 c6 4. e3 Bf5 5. f3 h6 6. Bd3 Bxd3 7. Qxd3 e6 8. e4 Bb4 9. Ne2 O-O 10. O-O-O Na6 11. g4 c5 12. g5 hxg5 13. Bxg5 cxd4 14.
e5 dxc3 15. Bxf6 cxb2+ 16. Kb1 Be7 17. Bxg7 Kxg7 18. Rdg1+ Kh6 19. Qe3+ Bg5 20. f4 Rc8 21. Rxg5 Qxg5 22. fxg5+ Kg7 23. Qf4 Rg8 24. Rf1 Rc7 25. Qf6+ Kh7 26. Qh6# 1-0

[Event "*** Titled Tuesday Blitz"]
[Site "Chess.com"]
[Date "2021.04.06"]
[Round "1"]
[White "ShahMatKanal"]
[Black "Sanan_Sjugirov"]
[Result "0-1"]
[WhiteElo "2443"]
[BlackElo "2858"]
[TimeControl "180+1"]
[EndTime "10:06:17 PDT"]
[Termination "Sanan_Sjugirov won by resignation"]

1. d4 Nf6 2. Nf3 e6 3. c4 c5 4. e3 a6 5. Nc3 cxd4 6. exd4 d5 7. Be2 dxc4 8. Bxc4 b5 9. Bd3 Bb7 10. O-O Be7 11. Qe2 O-O 12. Rd1 Nc6 13. a3 Na5 14. Bc2 Nc4 15. b3 Nb6 16. Ne4 Nxe4 17. Bxe4 Bxe4 18.
Qxe4 Qd5 19. Qxd5 Nxd5 20. Bb2 Rfc8 21. Rac1 f6 22. Kf1 Kf7 23. g3 g5 24. h3 h5 25.
Rxc8 Rxc8 26. Rc1 Rxc1+ 27. Bxc1 g4 28. hxg4 hxg4 29. Ne1 Kg6 30. Ke2 Kf5 31. Kd3 e5 32.
dxe5 fxe5 33. Nc2 Bc5 34. Ne3+ Nxe3 35. fxe3 e4+ 36. Ke2 Ke6 37. Bb2 Kd5 38. Bc1 a5 39.
Bb2 a4 40. bxa4 bxa4 41. Bc1 Kc4 42. Bb2 Kb3 43. Bc1 Bxa3 44. Bd2 Bb2 0-1

[Event "*** Titled Tuesday Blitz"]
[Site "Chess.com"]
[Date "2021.04.06"]
[Round "1"]
[White "KuzubovYuriy"]
[Black "EvilMorty23"]
[Result "0-1"]
[WhiteElo "2845"]
[BlackElo "2460"]
[TimeControl "180+1"]
[EndTime "10:06:21 PDT"]
[Termination "EvilMorty23 won by resignation"]

1. d4 Nf6 2. Nf3 e6 3. c4 Bb4+ 4. Bd2 Qe7 5. g3 Nc6 6. Nc3 O-O 7. Bg2 Bxc3 8. Bxc3 Ne4 9. Rc1 d6 10. d5 Nd8 11. dxe6 Nxe6 12. O-O a5 13. Nd4 Nxc3 14.
Rxc3 c6 15. Nf5 Qf6 16. Nxd6 Rd8 17. Ne4 Qe5 18. Qe1 f5 19. f4 Qd4+ 20. e3 Qb6 21. Rb3 Qc7 22. Nf2 Nc5 23. Rc3 Be6 24. e4 fxe4 25.
Nxe4 Qb6 26. Nxc5 Qxc5+ 27. Qf2 Qb4 28. a3 Qd6 29. f5 Bf7 30. c5 Qf6 31. g4 Rd4 32. g5 Qe5 33. Re1 Qf4 34. Rf3 Qd2 35.
Qxd2 Rxd2 36. Rf2 Rad8 37. Re6 Bxe6 38. fxe6 Rxf2 39. Kxf2 Rd2+ 40. Kg3 Rxb2 41. g6 hxg6 42. Be4 Kf8 0-1

[Event "*** Titled Tuesday Blitz"]
[Site "Chess.com"]
[Date "2021.04.06"]
[Round "1"]
[White "Rozhkov_V"]
[Black "Alexander_Moskalenko"]
[Result "1-0"]
[WhiteElo "2433"]
[BlackElo "2733"]
[TimeControl "180+1"]
[EndTime "10:06:21 PDT"]
[Termination "Rozhkov_V won by resignation"]

1. e4 c5 2. Nf3 d6 3. d4 cxd4 4. Nxd4 Nf6 5. Nc3 g6 6. Be3 Bg7 7. f3 O-O 8. Qd2 Nc6 9. O-O-O Bd7 10. g4 Rc8 11. Nxc6 Rxc6 12. Kb1 Rxc3 13. Qxc3 Nxg4 14. Bd4 Nf2 15. Bxg7 Nxd1 16. Qd4 e5 17. Qxd1 Kxg7 18. Qxd6 Be6 19. Qxd8 Rxd8 20. Bd3 Kf6 21. h4 h5 22. Rg1 b6 23. a3 Rd4 24. Rg5 Bc4 25.
Bxc4 Rxc4 26. c3 Rc5 27. Kc2 b5 28. f4 Kg7 29. b4 Rc4 30. Rxe5 f6 31. Rxb5 Rxe4 32.
Rb7+ Kg8 33. Rxa7 Rxf4 34. b5 Rf5 35. b6 Rb5 36. b7 g5 37. Ra8+ Kg7 38. b8=Q Rxb8 39.
Rxb8 g4 40. a4 1-0

[Event "*** Titled Tuesday Blitz"]
[Site "Chess.com"]
[Date "2021.04.06"]
[Round "1"]
[White "Rish_97"]
[Black "ExtremeLearner"]
[Result "1-0"]
[WhiteElo "2703"]
[BlackElo "2378"]
[TimeControl "180+1"]
[EndTime "10:06:21 PDT"]
[Termination "Rish_97 won by resignation"]

1. e4 c6 2. Nc3 d5 3. Nf3 Bg4 4. h3 Bxf3 5. Qxf3 e6 6. d3 Nd7 7. g4 Bc5 8. Bd2 Ne7 9. O-O-O a5 10. h4 a4 11. a3 d4 12. Ne2 b5 13. c3 e5 14. g5 Qb6 15. Bh3 Rd8 16. h5 dxc3 17. Bxc3 b4 18. axb4 Bxb4 19. Bxb4 Qxb4 20. d4 Nb6 21.
dxe5 O-O 22. h6 Nc4 23. Qc3 Qxc3+ 24. Nxc3 Ng6 25. e6 Nf4 26. e7 Rxd1+ 27. Rxd1 Re8 28. Rd8 Nd6 29. Bd7 Nd3+ 30. Kd2 Nc5 31. Bxe8 Nc4+ 32.
Ke2 1-0

[Event "*** Titled Tuesday Blitz"]
[Site "Chess.com"]
[Date "2021.04.06"]
[Round "1"]
[White "Zarikovs1999"]
[Black "mikolka1985"]
[Result "0-1"]
[WhiteElo "2360"]
[BlackElo "2665"]
[TimeControl "180+1"]
[EndTime "10:06:22 PDT"]
[Termination "mikolka1985 won by resignation"]

1. c4 Nf6 2. Nc3 e5 3. g3 Bb4 4. Bg2 O-O 5. Nf3 Nc6 6. O-O d6 7. d3 h6 8. e4 Bg4 9. h3 Bxf3 10. Qxf3 Bc5 11. a3 a6 12. Kh2 Nd4 13. Qd1 b5 14. Be3 c6 15. f4 Nd7 16. f5 Rb8 17. b4 Bb6 18. g4 bxc4 19. dxc4 a5 20. Rb1 axb4 21.
axb4 Ra8 22. f6 Nxf6 23. g5 Nh7 24. gxh6 g6 25. Qg4 Ra3 26. Nd1 Qe7 27. h4 Kh8 28. h5 Rg8 29. Rb2 f5 30. Qh3 f4 31. Bxd4 Rxh3+ 0-1

[Event "*** Titled Tuesday Blitz"]
[Site "Chess.com"]
[Date "2021.04.06"]
[Round "1"]
[White "bylavochka"]
[Black "Brave_spirit12"]
[Result "0-1"]
[WhiteElo "2231"]
[BlackElo "2550"]
[TimeControl "180+1"]
[EndTime "10:06:22 PDT"]
[Termination "Brave_spirit12 won on time"]

1. e4 e6 2. d4 d5 3. Bd3 c5 4.
exd5 exd5 5. Nf3 Nc6 6. dxc5 Bxc5 7. h3 Nge7 8. O-O O-O 9. Bf4 Bf5 10. Nc3 Qd7 11. Ne2 Rad8 12. Ne5 Nxe5 13. Bxe5 Qe6 14. Bf4 Rfe8 15. Ng3 Bxd3 16. Qxd3 Ng6 17. Bd2 Ne5 18. Qb3 Nc4 19. Bb4 Bb6 20. Rae1 Qg6 21. Qd3 Qxd3 22. cxd3 Nxb2 23. Rb1 Nc4 24. dxc4 dxc4 25.
Bc3 Rd3 0-1

[Event "*** Titled Tuesday Blitz"]
[Site "Chess.com"]
[Date "2021.04.06"]
[Round "1"]
[White "cukin84"]
[Black "Ind1anStar"]
[Result "0-1"]
[WhiteElo "2087"]
[BlackElo "2503"]
[TimeControl "180+1"]
[EndTime "10:06:22 PDT"]
[Termination "Ind1anStar won by resignation"]

1. e4 e6 2. d4 d5 3. Nc3 Nf6 4. e5 Nfd7 5. f4 c5 6. Nf3 Nc6 7. Be3 Be7 8. Qd2 O-O 9. Be2 b6 10. O-O f5 11. exf6 Nxf6 12. Ne5 Bb7 13. Nxc6 Bxc6 14. Kh1 c4 15. Rae1 b5 16. a3 a5 17.
Bf3 b4 18. axb4 axb4 19. Ne2 Bd6 20. Ng3 Ra2 21. Qc1 Qc7 22. Nh5 Bb5 23. c3 bxc3 24. bxc3 Nxh5 25. Bxh5 Ba4 26. g3 Bc2 27. Bf3 Bd3 28. Rf2 Rfa8 29. Rxa2 Rxa2 30. Qd1 Qa5 31. Bd2 Qa3 32. Bxd5 exd5 33. Re8+ Bf8 34. Be1 Be4+ 35. Kg1 Qb2 0-1

[Event "*** Titled Tuesday Blitz"]
[Site "Chess.com"]
[Date "2021.04.06"]
[Round "1"]
[White "AlphaHero0"]
[Black "MalyDominator"]
[Result "1-0"]
[WhiteElo "2082"]
[BlackElo "2486"]
[TimeControl "180+1"]
[EndTime "10:06:22 PDT"]
[Termination "AlphaHero0 won by checkmate"]

1. e4 c5 2. Nf3 d6 3. c3 Nf6 4. h3 g6 5. Bd3 Bg7 6. O-O O-O 7. Bc2 e5 8. d4 Nc6 9. dxc5 dxc5 10. Be3 Qe7 11.
Qe2 b6 12. a4 Bb7 13. Rd1 Rfd8 14. Na3 Na5 15. Bg5 h6 16. Bh4 g5 17. Bg3 Nh5 18.
Nh2 Nf4 19. Qe1 Ba6 20. Ng4 h5 21. Ne3 Ne2+ 22. Kh2 h4 23. Nf5 hxg3+ 24. fxg3 Qf6 25. b4 cxb4 26. cxb4 Nc4 27. b5 Rxd1 28. Bxd1 Nxa3 29. Qxe2 Bc8 30. Rxa3 Bxf5 31. exf5 Qxf5 32. Rf3 Qd7 33.
Bb3 Rf8 34. Qc4 Qd4 35. Qc7 Qb4 36.
Bxf7+ Kh7 37. Qc6 e4 38. Qg6+ Kh8 39. Qh5+ Bh6 40. Qxh6# 1-0

[Event "*** Titled Tuesday Blitz"]
[Site "Chess.com"]
[Date "2021.04.06"]
[Round "1"]
[White "biostatistician"]
[Black "Eloist"]
[Result "0-1"]
[WhiteElo "2631"]
[BlackElo "2359"]
[TimeControl "180+1"]
[EndTime "10:06:24 PDT"]
[Termination "Eloist won by resignation"]

1. d4 e6 2. Nf3 Nf6 3. c4 b6 4.
Nc3 Bb4 5. Qc2 Bb7 6. a3 Bxc3+ 7. Qxc3 Ne4 8. Qc2 f5 9. g3 O-O 10. Bg2 c5 11. O-O cxd4 12. Nxd4 Nc6 13. Be3 Rc8 14. Rac1 Ne5 15. b3 Ng4 16. Qd3 Nxe3 17.
Qxe3 Qe7 18. b4 a5 19. Nb5 axb4 20. Qxb6 Bc6 21. axb4 Qxb4 22. Bxe4 Bxe4 23. Qd6 Rxc4 24. Rxc4 Qxc4 25. Qxd7 Bc6 26. Qd6 Bxb5 27. Re1 Qd5 28. Qf4 Bc6 29. f3 e5 30. Qe3 f4 31. Qf2 fxg3 32.
hxg3 e4 33. f4 e3 34. Qh2 Rf6 0-1

[Event "*** Titled Tuesday Blitz"]
[Site "Chess.com"]
[Date "2021.04.06"]
[Round "1"]
[White "Zq1"]
[Black "lrestevez"]
[Result "1-0"]
[WhiteElo "2513"]
[BlackElo "2124"]
[TimeControl "180+1"]
[EndTime "10:06:24 PDT"]
[Termination "Zq1 won by resignation"]

1. d4 Nf6 2. c4 e5 3. dxe5 Ng4 4. Bf4 Bb4+ 5. Nc3 Bxc3+ 6. bxc3 Nc6 7. Nf3 Qe7 8. Qd5 f6 9. exf6 Nxf6 10. Qd3 d6 11. g3 O-O 12. Bg2 Kh8 13. O-O Nh5 14. Bg5 Qf7 15. Rab1 Bf5 16. e4 Bc8 17. h3 Rb8 18. Be3 Ne5 19. Nxe5 dxe5 20. Bxa7 Ra8 21.
Bc5 Re8 22. Qd5 Qg6 23. Be3 Rxa2 24. Ra1 Rxa1 25. Rxa1 Nf6 26. Qd3 Qf7 27. c5 c6 28.
Ra8 Be6 29. Rxe8+ Qxe8 30. Qd6 Bc8 31. f4 exf4 32. gxf4 h6 33. Bd4 Qe6 34. f5 Qxd6 35.
cxd6 Kg8 36. c4 Kf7 37. c5 Nd7 38. e5 Nf8 39. e6+ Bxe6 40. fxe6+ Nxe6 41. Be3 Kg6 42. Be4+ 1-0

[Event "*** Titled Tuesday Blitz"]
[Site "Chess.com"]
[Date "2021.04.06"]
[Round "1"]
[White "DKmirl"]
[Black "Grieve72"]
[Result "0-1"]
[WhiteElo "1987"]
[BlackElo "2486"]
[TimeControl "180+1"]
[EndTime "10:06:24 PDT"]
[Termination "Grieve72 won by checkmate"]

1. d4 f5 2. c4 Nf6 3. Nf3 g6 4. g3 Bg7 5. Bg2 O-O 6. O-O d6 7. Nc3 c6 8. Re1 Na6 9. e4 fxe4 10. Nxe4 Nxe4 11. Rxe4 e5 12. Bg5 Qc7 13. dxe5 dxe5 14.
Re1 Bg4 15. Qb3 Qf7 16. Re3 h6 17. Bh4 g5 18. Nxg5 Qxf2+ 19. Kh1 hxg5 20. Bxg5 Nc5 21. Qc3 e4 22. Qa3 Bf3 23. Bxf3 exf3 24. Rg1 Bd4 25. Ree1 Ne4 26. Be3 Qxe3 27. Rxe3 Nf2# 0-1

[Event "*** Titled Tuesday Blitz"]
[Site "Chess.com"]
[Date "2021.04.06"]
[Round "1"]
[White "ahmad_alkhatib11"]
[Black "TheCount"]
[Result "0-1"]
[WhiteElo "2296"]
[BlackElo "2601"]
[TimeControl "180+1"]
[EndTime "10:06:25 PDT"]
[Termination "TheCount won by resignation"]

1. Nf3 Nf6 2. g3 g6 3. b3 Bg7 4. Bb2 O-O 5. Bg2 c5 6. c4 Nc6 7. O-O b6 8. d4 cxd4 9. Nxd4 Bb7 10. Nxc6 Bxc6 11. Nc3 Bxg2 12. Kxg2 Qc7 13. Rc1 Qb7+ 14.
Kg1 Rfd8 15. Nd5 Nxd5 16. Bxg7 Ne3 17. fxe3 Kxg7 18. Qd4+ Kg8 19. Rf4 d6 20. Qd5 Qxd5 21. cxd5 Rac8 22. Rfc4 Rc5 23. e4 Rdc8 24. Kf2 e6 25.
dxe6 fxe6 26. Ke3 Kf7 27. Rxc5 Rxc5 28. Rxc5 dxc5 29. e5 Ke7 30. Kf4 Kd7 31. Kg5 b5 32. Kf4 Kc6 33. e4 Kb6 34. Ke3 Ka5 35. a3 b4 36. a4 c4 37. bxc4 Kxa4 38. c5 Kb5 39. Kd4 a5 40. g4 a4 41. g5 a3 42. Kd3 Kxc5 0-1